[Event "Skilling Open CCT 2021"]
[Site "Online"]
[Date "2020.11.19"]
[Round "8.8"]
[White "Le, Quang Liem"]
[Black "Vidit, Santosh Gujrathi"]
[Result "1/2-1/2"]
[ECO "C80"]
[WhiteElo "2744"]
[BlackElo "2636"]
[Annotator "RC"]
[PlyCount "84"]
[EventDate "2020.11.20"]
[EventType "tourn"]
[EventCountry "NET"]
[Tiebreak "Koya+Number of black wins+Number of wins"]
[SourceTitle "playchess.com"]
[Source "ChessBase"]
[SourceQuality "1"]
[TimeControl "900+10"]

1. e4 e5 2. Nf3 Nc6 3. Bb5 a6 4. Ba4 Nf6 5. O-O Nxe4 6. d4 b5 7. Bb3 d5 8. dxe5 Be6 9. Nbd2 Nc5 10. c3 d4 11. Bxe6 Nxe6 12. cxd4 Ncxd4 13. a4 Bb4 14. axb5 Nxb5 15. Qa4 c5 16. Nc4 O-O 17. Rd1 Nbd4 18.
Nxd4 Nxd4 19. Be3 a5 20. h3 Ra6 21. Bxd4 cxd4 22. Nd6 Qg5 23.
Rxd4 Qxe5 24. Rxb4 Rxd6 25. Rb5 Qe2 26. Qxa5 Rd2 27. Qb6 Rfd8 28. b4 h6 29. Rba5 R8d4 30. Rf5 f6 31. Qb7 Rd7 32. Qc6 R7d6 33.
Qc5 Kh7 34. Kh2 Qe4 35. Ra7 Rd7 36. Rxd7 Rxd7 37. Rf3 Rd5 38. Qc7 Qxb4 39. Qf7 Qd6+ 40. Rg3 Rg5 41. Qb3 Rxg3 42. Qxg3 Qe6 1/2-1/2

[Event "Skilling Open CCT 2021"]
[Site "Online"]
[Date "2020.11.19"]
[Round "9.1"]
[White "Vidit, Santosh Gujrathi"]
[Black "Vachier-Lagrave, Maxime"]
[Result "1/2-1/2"]
[ECO "D85"]
[WhiteElo "2636"]
[BlackElo "2860"]
[Annotator "RC"]
[PlyCount "86"]
[EventDate "2020.11.20"]
[EventType "tourn"]
[EventCountry "NET"]
[Tiebreak "Koya+Number of black wins+Number of wins"]
[SourceTitle "playchess.com"]
[Source "ChessBase"]
[SourceQuality "1"]
[TimeControl "900+10"]

1. d4 Nf6 2. c4 g6 3. Nc3 d5 4. cxd5 Nxd5 5. e4 Nxc3 6. bxc3 Bg7 7. Be3 c5 8. Nf3 Qa5 9. Qd2 O-O 10. Rc1 Bg4 11. d5 b5 12. Bxc5 Rc8 13.
Bb4 Qc7 14. Nd4 a5 15. Ba3 b4 16. Bb2 Qb6 17. Bb5 e5 18. dxe6 Bxe6 19. Nxe6 fxe6 20. c4 Rd8 21. c5 Rxd2 22. cxb6 Rxb2 23. Rc8+ Kf7 24. Rc7+ Kf8 25. Ra7 Rb1+ 26. Ke2 Rxh1 27. f4 Rc1 28. Rxa8 Rc8 29. e5 g5 30. g3 gxf4 31. gxf4 Bh6 32. Kf3 Kg7 33. Ra7+ Kg8 34. Rc7 Rf8 35. Rc4 Bg5 36. Kg4 Bd8 37. b7 Bb6 38. Rc8 Kg7 39. Kf3 Ba7 40.
Be8 Na6 41. Bb5 Nb8 42. Be8 Na6 43. Bb5 Nb8 1/2-1/2

[Event "Skilling Open CCT 2021"]
[Site "Online"]
[Date "2020.11.19"]
[Round "9.2"]
[White "So, Wesley"]
[Black "Le, Quang Liem"]
[Result "1-0"]
[ECO "C54"]
[WhiteElo "2741"]
[BlackElo "2744"]
[Annotator "ChessBase"]
[PlyCount "83"]
[EventDate "2020.11.20"]
[EventType "tourn"]
[EventCountry "NET"]
[Tiebreak "Koya+Number of black wins+Number of wins"]
[SourceTitle "playchess.com"]
[Source "ChessBase"]
[SourceQuality "1"]
[TimeControl "900+10"]

1. e4 e5 2. Nf3 Nc6 3. Bc4 Bc5 4. O-O Nf6 5. d3 d6 6. c3 a6 7. a4 h6 8. Re1 O-O 9. h3 Re8 10. Nbd2 Be6 11. Bxe6 Rxe6 12. b4 Ba7 13. Qc2 Qd7 14. Nf1 d5 15. Be3 Bxe3 16. Nxe3 Rd8 17. b5 Ne7 18. c4 d4 19. Nf5 a5 20. c5 Re8 21. Ng3 Ng6 22. Rac1 Nf4 23.
Kh2 Nh7 24. Qd2 f6 25. Nf5 Ng6 26. Qxa5 Ng5 27. Nxg5 fxg5 28. c6 bxc6 29. bxc6 Qf7 30. Qb5 Nh4 31. f3 Nxf5 32. exf5 Qxf5 33. Re4 Qf8 34. a5 Ra8 35. a6 Kh7 36. Qb7 Qb8 37. Rb1 Qa7 38. Ra1 Ree8 39. Qb5 Qb6 40. Rxe5 Rxe5 41. Qxe5 Rxa6 42. Qf5+ 1-0

[Event "Skilling Open CCT 2021"]
[Site "Online"]
[Date "2020.11.19"]
[Round "9.3"]
[White "Svidler, Peter"]
[Black "Nakamura, Hikaru"]
[Result "1/2-1/2"]
[ECO "C54"]
[WhiteElo "2742"]
[BlackElo "2829"]
[Annotator "ChessBase"]
[PlyCount "145"]
[EventDate "2020.11.20"]
[EventType "tourn"]
[EventCountry "NET"]
[Tiebreak "Koya+Number of black wins+Number of wins"]
[SourceTitle "playchess.com"]
[Source "ChessBase"]
[SourceQuality "1"]
[TimeControl "900+10"]

1. e4 e5 2. Nf3 Nc6 3. Bc4 Bc5 4. c3 Nf6 5. d3 d6 6. O-O h6 7. Re1 O-O 8. h3 a5 9. Nbd2 Bb6 10. b3 Ne7 11. d4 Ng6 12. Bf1 c6 13.
Nc4 Bc7 14. Ba3 Re8 15. dxe5 dxe5 16. Nd6 Bxd6 17. Qxd6 Be6 18. Nxe5 Nxe5 19. Qxe5 Bc4 20. Qxe8+ Qxe8 21.
Bxc4 a4 22. Bd6 b5 23. Bd3 Qe6 24. e5 Nd5 25. c4 Nf4 26. Bf1 g5 27. cxb5 cxb5 28. Rad1 axb3 29. axb3 Qxb3 30. Rb1 Qc2 31. Rxb5 Ne6 32. Rb8+ Rxb8 33. Bxb8 Qd2 34. Rb1 Qc2 35. Re1 h5 36. Ba7 Qc3 37. Re4 Qa1 38. Be3 h4 39. Bxg5 Nxg5 40. Rg4 Qxe5 41. f4 Qe3+ 42. Kh2 f6 43. fxg5 f5 44. Rxh4 Qf2 45. Rc4 Qxf1 46. Rc3 Qf4+ 47. Kh1 Kg7 48. Rf3 Qc1+ 49. Kh2 Kg6 50. Rb3 Qd1 51. Rf3 Qd4 52. Kh1 Qa1+ 53. Kh2 Qd1 54. Rf2 Qd6+ 55. Kh1 Qc7 56. Rf3 Qe5 57. Kg1 Kxg5 58. Kh1 Kf6 59. Kg1 Ke6 60. Kh1 Kd5 61. Kg1 Ke4 62. Kh1 Qa1+ 63. Kh2 Qd1 64. Rc3 Qd6+ 65. Kh1 f4 66. Rf3 Qd1+ 67. Kh2 Qxf3 68. gxf3+ Kxf3 69. h4 Kg4 70. Kg2 Kxh4 71. Kf3 Kg5 72. Kf2 f3 73. Kxf3 1/2-1/2

[Event "Skilling Open CCT 2021"]
[Site "Online"]
[Date "2020.11.19"]
[Round "9.5"]
[White "Carlsen, Magnus"]
[Black "Giri, Anish"]
[Result "1/2-1/2"]
[ECO "B53"]
[WhiteElo "2881"]
[BlackElo "2731"]
[Annotator "ChessBase"]
[PlyCount "78"]
[EventDate "2020.11.20"]
[EventType "tourn"]
[EventCountry "NET"]
[Tiebreak "Koya+Number of black wins+Number of wins"]
[SourceTitle "playchess.com"]
[Source "ChessBase"]
[SourceQuality "1"]
[TimeControl "900+10"]

1. e4 c5 2. Nf3 d6 3. d4 cxd4 4. Qxd4 Nf6 5. h3 Nc6 6. Qe3 g6 7. Be2 Bg7 8. O-O O-O 9. Rd1 Be6 10. Nc3 Qc8 11. a3 Na5 12. Nd4 Nc4 13.
Qg3 Bd7 14. b3 Na5 15. Nd5 Re8 16. Nxf6+ Bxf6 17. c4 Nc6 18. Bb2 a6 19. Qe3 b5 20. Rac1 Qb7 21. c5 dxc5 22. Rxc5 Nxd4 23. Bxd4 Bxd4 24. Rxd4 Rac8 25. b4 Rxc5 26. bxc5 Bc6 27. e5 e6 28. Bf3 Bxf3 29. gxf3 a5 30. Rd6 Rc8 31. Rb6 Qd7 32. Kg2 b4 33. axb4 axb4 34. Rxb4 Qd5 35. Rh4 Rxc5 36. Qh6 Qxe5 37. Qxh7+ Kf8 38. Qh8+ Qxh8 39. Rxh8+ Kg7 1/2-1/2

[Event "Skilling Open CCT 2021"]
[Site "Online"]
[Date "2020.11.19"]
[Round "9.6"]
[White "Radjabov, Teimour"]
[Black "Ding, Liren"]
[Result "0-1"]
[ECO "B97"]
[WhiteElo "2758"]
[BlackElo "2836"]
[Annotator "RC"]
[PlyCount "92"]
[EventDate "2020.11.20"]
[EventType "tourn"]
[EventCountry "NET"]
[Tiebreak "Koya+Number of black wins+Number of wins"]
[SourceTitle "playchess.com"]
[Source "ChessBase"]
[SourceQuality "1"]
[TimeControl "900+10"]

1. e4 c5 2. Nf3 d6 3. d4 cxd4 4. Nxd4 Nf6 5. Nc3 a6 6. Bg5 e6 7. f4 Qb6 8. Qd2 Qxb2 9. Rb1 Qa3 10. e5 h6 11. Bh4 dxe5 12. fxe5 Nfd7 13. Ne4 Qxa2 14. Rd1 Qd5 15. Qe3 Qxe5 16. Be2 Bc5 17. Bg3 Qd5 18. c4 Bxd4 19. Rxd4 Qa5+ 20. Rd2 O-O 21. Bd6 f5 22. Bxf8 Nxf8 23. Nd6 Nbd7 24. g4 fxg4 25. Bxg4 Qe5 26. Ke2 b5 27. Bf3 Rb8 28. Qxe5 Nxe5 29. cxb5 axb5 30. Nxc8 Rxc8 31. Rb1 Rc3 32. Bg2 Nfg6 33. Rxb5 Nf4+ 34. Kf1 Ng4 35. Rd8+ Kf7 36. Rb7+ Kg6 37. Be4+ Kh5 38. Rb1 Nxh2+ 39. Kg1 Ng4 40. Rd2 Kh4 41. Rf1 Kg3 42. Kh1 g5 43. Rg1+ Kh4 44. Re1 h5 45. Kg1 Kg3 46. Rc2 Nh3+ 0-1

[Event "Skilling Open CCT 2021"]
[Site "Online"]
[Date "2020.11.19"]
[Round "9.7"]
[White "Anton Guijarro, David"]
[Black "Duda, Jan-Krzysztof"]
[Result "1-0"]
[ECO "D35"]
[WhiteElo "2667"]
[BlackElo "2774"]
[Annotator "ChessBase"]
[PlyCount "83"]
[EventDate "2020.11.20"]
[EventType "tourn"]
[EventCountry "NET"]
[Tiebreak "Koya+Number of black wins+Number of wins"]
[SourceTitle "playchess.com"]
[Source "ChessBase"]
[SourceQuality "1"]
[TimeControl "900+10"]

1. d4 Nf6 2. c4 e6 3. Nc3 d5 4. cxd5 Nxd5 5. e4 Nxc3 6. bxc3 c5 7. Rb1 Be7 8. Nf3 O-O 9. Bc4 Nc6 10. O-O b6 11. d5 Na5 12. Bd3 c4 13.
Bc2 exd5 14. exd5 Bf6 15. d6 Re8 16. Bf4 Bb7 17. Nd4 Be4 18.
Nb5 Bxc2 19. Qxc2 Be5 20. Qd2 Bxf4 21. Qxf4 Re6 22. Rfe1 Rf6 23. Qe4 h6 24. d7 Rb8 25. Qe8+ Kh7 26. Rbd1 Nb7 27. Qe4+ Rg6 28. Qd5 Qg5 29. Qxg5 Rxg5 30. Re8 Rd8 31. Nxa7 Rc5 32. Kf1 Rc7 33. Rxd8 Nxd8 34. Nb5 Rc5 35. a4 Re5 36. Rd6 Re7 37. Na7 Kg8 38. Nc8 Re5 39. Nxb6 Ra5 40. Rd4 Ra6 41. Rxc4 Kf8 42. Re4 1-0

[Event "Skilling Open CCT 2021"]
[Site "Online"]
[Date "2020.11.19"]
[Round "10.1"]
[White "Vachier-Lagrave, Maxime"]
[Black "Aronian, Levon"]
[Result "1/2-1/2"]
[ECO "C65"]
[WhiteElo "2860"]
[BlackElo "2778"]
[Annotator "RC"]
[PlyCount "68"]
[EventDate "2020.11.20"]
[EventType "tourn"]
[EventCountry "NET"]
[Tiebreak "Koya+Number of black wins+Number of wins"]
[SourceTitle "playchess.com"]
[Source "ChessBase"]
[SourceQuality "1"]
[TimeControl "900+10"]

1. e4 e5 2. Nf3 Nc6 3. Bb5 Nf6 4. d3 Bc5 5. Bxc6 dxc6 6.
Nbd2 Be6 7. O-O Bd6 8. d4 Nd7 9. dxe5 Nxe5 10. Nxe5 Bxe5 11. f4 Qd4+ 12. Kh1 Bd6 13. f5 Bd7 14. e5 Be7 15. f6 gxf6 16.
exf6 Bd6 17. Ne4 Qxd1 18. Rxd1 O-O-O 19. Nxd6+ cxd6 20. Rxd6 Bf5 21. Rxd8+ Rxd8 22. Be3 Bxc2 23. Bxa7 Rd1+ 24.
Rxd1 Bxd1 25. Bd4 Kd7 26. a3 Ke6 27. Bc3 Kf5 28. Kg1 h5 29.
g3 Ke4 30. Kf2 Bg4 31. Kg2 Be6 32. Kf2 Bg4 33. Kg2 Be6 34. Kf2 Bg4 1/2-1/2

[Event "Skilling Open CCT 2021"]
[Site "Online"]
[Date "2020.11.19"]
[Round "10.2"]
[White "Duda, Jan-Krzysztof"]
[Black "Firouzja, Alireza"]
[Result "1-0"]
[ECO "B10"]
[WhiteElo "2774"]
[BlackElo "2703"]
[Annotator "ChessBase"]
[PlyCount "101"]
[EventDate "2020.11.20"]
[EventType "tourn"]
[EventCountry "NET"]
[Tiebreak "Koya+Number of black wins+Number of wins"]
[SourceTitle "playchess.com"]
[Source "ChessBase"]
[SourceQuality "1"]
[TimeControl "900+10"]

1. e4 c6 2. Nf3 d5 3. d3 dxe4 4. dxe4 Qxd1+ 5. Kxd1 Nf6 6. Nfd2 g5 7. a4 Rg8 8. a5 g4 9. Bd3 Nbd7 10. Nc4 Nc5 11. Nc3 Be6 12. Be3 Nfd7 13.
Bd4 Bg7 14. Bxg7 Rxg7 15. Ke2 O-O-O 16. b4 Nxd3 17. cxd3 Bxc4 18. dxc4 Ne5 19. a6 b6 20. c5 b5 21. Rad1 Rgg8 22. Ke3 Nc4+ 23. Ke2 Nb2 24. Rb1 Nc4 25. Rbd1 Rxd1 26. Rxd1 Kc7 27. Na2 Rg5 28. Nc1 Rh5 29. Rh1 Re5 30. f3 gxf3+ 31. gxf3 Rg5 32. Kf2 Rg8 33. Rd1 Ne5 34. Nd3 Nd7 35. h4 e5 36. Ne1 Nb8 37. Ra1 f6 38.
Nc2 Rd8 39. Ke2 Rd7 40. h5 Rg7 41. Ne3 Rg5 42. h6 Rg8 43.
Ng4 Rf8 44. Kd3 Nd7 45. Ne3 Rg8 46. Ke2 Rg5 47. Rd1 Nb8 48.
Rd6 Nd7 49. Re6 Rg6 50. Ng4 Rg5 51. Re7 1-0

[Event "Skilling Open CCT 2021"]
[Site "Online"]
[Date "2020.11.19"]
[Round "10.3"]
[White "Ding, Liren"]
[Black "Anton Guijarro, David"]
[Result "1-0"]
[ECO "D02"]
[WhiteElo "2836"]
[BlackElo "2667"]
[Annotator "ChessBase"]
[PlyCount "85"]
[EventDate "2020.11.20"]
[EventType "tourn"]
[EventCountry "NET"]
[Tiebreak "Koya+Number of black wins+Number of wins"]
[SourceTitle "playchess.com"]
[Source "ChessBase"]
[SourceQuality "1"]
[TimeControl "900+10"]

1. Nf3 d5 2. g3 g6 3. Bg2 Bg7 4. d4 c6 5. O-O Nf6 6. b3 O-O 7. Bb2 a5 8. a4 Bf5 9. e3 Ne4 10. Qe2 Nd7 11. c4 Qb6 12. Nbd2 Ndf6 13. Rfc1 Bg4 14. Qd3 Bf5 15. Qe2 Bg4 16. cxd5 Nxd2 17. Qxd2 Nxd5 18. Qd3 Rad8 19. Nd2 Nb4 20. Qf1 Bf5 21. Nc4 Qa6 22. Bc3 Bd3 23. Qd1 Bxc4 24. bxc4 e5 25. d5 f5 26. Rab1 c5 27. e4 f4 28. Rb2 Qf6 29. Bh3 h5 30.
Kh1 Bh6 31. Rcb1 f3 32. Rb3 Kg7 33. Ba1 Kh7 34. Ra3 Qa6 35.
Bf1 Nc6 36. Rxf3 Nd4 37. Rxf8 Rxf8 38. Bxd4 exd4 39. f4 b6 40. e5 Kh8 41. Bd3 Kg7 42. Qf3 Qb7 43. Qe4 1-0

[Event "Skilling Open CCT 2021"]
[Site "Online"]
[Date "2020.11.19"]
[Round "10.4"]
[White "Giri, Anish"]
[Black "Radjabov, Teimour"]
[Result "1/2-1/2"]
[ECO "E52"]
[WhiteElo "2731"]
[BlackElo "2758"]
[Annotator "RC"]
[PlyCount "63"]
[EventDate "2020.11.20"]
[EventType "tourn"]
[EventCountry "NET"]
[Tiebreak "Koya+Number of black wins+Number of wins"]
[SourceTitle "playchess.com"]
[Source "ChessBase"]
[SourceQuality "1"]
[TimeControl "900+10"]

1. d4 Nf6 2. c4 e6 3. Nc3 Bb4 4. e3 d5 5. Nf3 O-O 6. Bd2 b6 7. cxd5 exd5 8.
Rc1 Bb7 9. Bd3 Nbd7 10. O-O a6 11. Ne5 Bd6 12. f4 Ne4 13.
Be1 Ndf6 14. Bh4 Qe8 15. Qf3 c5 16. Bxf6 Nxf6 17. g4 Rd8 18.
Rcd1 g6 19. g5 Nh5 20. Be2 f6 21. gxf6 Nxf6 22. Qg2 Qe7 23. Bf3 Kh8 24. Kh1 Qe6 25. a3 Rg8 26. Rg1 Rg7 27. Qg5 Rf8 28. Rde1 Kg8 29. Qg2 Kh8 30. Qg5 Kg8 31. Qg2 Kh8 32. Qg5 1/2-1/2

[Event "Skilling Open CCT 2021"]
[Site "Online"]
[Date "2020.11.19"]
[Round "10.5"]
[White "Karjakin, Sergey"]
[Black "Carlsen, Magnus"]
[Result "1-0"]
[ECO "C41"]
[WhiteElo "2709"]
[BlackElo "2881"]
[Annotator "ChessBase"]
[PlyCount "103"]
[EventDate "2020.11.20"]
[EventType "tourn"]
[EventCountry "NET"]
[Tiebreak "Koya+Number of black wins+Number of wins"]
[SourceTitle "playchess.com"]
[Source "ChessBase"]
[SourceQuality "1"]
[TimeControl "900+10"]

1. e4 e5 2. Nf3 d6 3. d4 exd4 4. Nxd4 Nf6 5. Nc3 Be7 6. g3 O-O 7. Bg2 Re8 8. O-O Bf8 9. h3 Nbd7 10. g4 Nc5 11. Re1 c6 12. g5 Nfd7 13.
f4 a5 14. Be3 Qc7 15. a4 Na6 16. Qd2 Ndc5 17. Rad1 Bd7 18. Nde2 Rad8 19. Ng3 Qc8 20. Kh2 d5 21. e5 Nb4 22. Qf2 b6 23. Bd4 Bf5 24. Re2 g6 25.
Nxf5 Qxf5 26. h4 Ne6 27. Rf1 c5 28. Be3 d4 29. Bh3 dxe3 30.
Qg3 Qxc2 31. Rxc2 Nxc2 32. f5 Rd2+ 33. Kh1 gxf5 34. Bxf5 e2 35.
Nxe2 Rxe2 36. Bxe6 Rxe6 37. Qf3 Re7 38. Qxe2 Nd4 39. Qc4 Nc6 40. Qb5 Nxe5 41. Qxb6 Nc4 42. Qb8 Re4 43. Rf4 Rxf4 44. Qxf4 Nxb2 45. h5 c4 46. Qd4 Nxa4 47. Qxc4 Nc5 48. g6 hxg6 49. hxg6 Ne6 50. Qd5 a4 51. Qf5 Nd8 52. Qd7 1-0

[Event "Skilling Open CCT 2021"]
[Site "Online"]
[Date "2020.11.19"]
[Round "10.6"]
[White "Nakamura, Hikaru"]
[Black "Nepomniachtchi, Ian"]
[Result "1-0"]
[ECO "B90"]
[WhiteElo "2829"]
[BlackElo "2778"]
[Annotator "RC"]
[PlyCount "81"]
[EventDate "2020.11.20"]
[EventType "tourn"]
[EventCountry "NET"]
[Tiebreak "Koya+Number of black wins+Number of wins"]
[SourceTitle "playchess.com"]
[Source "ChessBase"]
[SourceQuality "1"]
[TimeControl "900+10"]

1. e4 c5 2. Nf3 d6 3. d4 cxd4 4. Nxd4 Nf6 5. Nc3 a6 6. Bd3 e5 7. Nde2 Be7 8. O-O O-O 9. Ng3 Be6 10. Nd5 Bxd5 11. exd5 g6 12. c4 Nbd7 13. a3 Nc5 14. Bc2 b5 15. b4 Nb7 16. cxb5 axb5 17. Bh6 Re8 18.
Bd3 Nxd5 19. Qf3 Nc3 20. Qxb7 d5 21. Bd2 Rb8 22. Qa7 Ne4 23.
Bxe4 dxe4 24. Rfd1 f5 25. Bc3 Bd6 26. Qe3 Qf6 27. Bb2 Bc7 28.
Qb3+ Kh8 29. Rd7 Bb6 30. Rad1 Re6 31. Bc1 Rbe8 32. Be3 Bxe3 33. fxe3 h5 34. Rc7 h4 35. Ne2 f4 36. exf4 exf4 37. Nxf4 Rf8 38. Qxe6 Qxf4 39. Qb6 h3 40. Qd4+ Rf6 41. Rc6 1-0

[Event "Skilling Open CCT 2021"]
[Site "Online"]
[Date "2020.11.19"]
[Round "10.7"]
[White "Le, Quang Liem"]
[Black "Svidler, Peter"]
[Result "1-0"]
[ECO "B85"]
[WhiteElo "2744"]
[BlackElo "2742"]
[Annotator "RC"]
[PlyCount "63"]
[EventDate "2020.11.20"]
[EventType "tourn"]
[EventCountry "NET"]
[Tiebreak "Koya+Number of black wins+Number of wins"]
[SourceTitle "playchess.com"]
[Source "ChessBase"]
[SourceQuality "1"]
[TimeControl "900+10"]

1. e4 c5 2. Nf3 d6 3. d4 cxd4 4. Nxd4 Nf6 5. Nc3 a6 6. Be2 e6 7. O-O Be7 8. f4 Qc7 9. Bf3 O-O 10. Be3 Nc6 11. a4 Re8 12. Kh1 Rb8 13.
g4 Nxd4 14. Bxd4 e5 15. fxe5 dxe5 16. Ba7 Ra8 17. g5 Rd8 18. Qe2 Ne8 19. Be3 Be6 20. Nd5 Bxd5 21. exd5 Nd6 22. a5 e4 23. Bg2 Rac8 24. Rf2 Qc4 25. Rd1 Qa2 26. Bh3 Rc4 27. b3 Rc3 28.
Bd4 Qxa5 29. Qe1 Nb5 30. Qxe4 Bf8 31. Be6 Nd6 32. Qe1 1-0

[Event "Skilling Open CCT 2021"]
[Site "Online"]
[Date "2020.11.19"]
[Round "10.8"]
[White "Vidit, Santosh Gujrathi"]
[Black "So, Wesley"]
[Result "1/2-1/2"]
[ECO "D37"]
[WhiteElo "2636"]
[BlackElo "2741"]
[Annotator "RC"]
[PlyCount "92"]
[EventDate "2020.11.20"]
[EventType "tourn"]
[EventCountry "NET"]
[Tiebreak "Koya+Number of black wins+Number of wins"]
[SourceTitle "playchess.com"]
[Source "ChessBase"]
[SourceQuality "1"]
[TimeControl "900+10"]

1. d4 Nf6 2. c4 e6 3. Nf3 d5 4. Nc3 Be7 5. Bf4 O-O 6. e3 Nbd7 7. Be2 dxc4 8.
O-O c5 9. dxc5 Nxc5 10. Bxc4 Qxd1 11. Rfxd1 b6 12. Ne5 Bb7 13. f3 Nh5 14. b4 Na6 15. a3 Nb8 16. Rac1 g5 17. Bg3 Nxg3 18.
hxg3 Nc6 19. Ba6 Nxe5 20. Bxb7 Rad8 21. Ba6 Nd7 22. Kf2 Nb8 23. Be2 a5 24. Na4 axb4 25. axb4 Bxb4 26. Nxb6 Be7 27. Rxd8 Bxd8 28. Nc4 Nd7 29. f4 h6 30. Bf3 Bf6 31. Nd6 Be7 32. Rc7 Bxd6 33. Rxd7 Bc5 34. Bh5 f5 35. Rc7 Bd6 36. Rd7 Bc5 37. Ke2 Rb8 38. Bf7+ Kh8 39. Bxe6 Re8 40. Bxf5 Rxe3+ 41. Kf1 Rxg3 42. fxg5 Rxg5 43. g4 h5 44. Rh7+ Kg8 45. Rxh5 Rxh5 46. gxh5 Kg7 1/2-1/2